 Dungeon Crawl Stone Soup version 0.32-a0-306-gfed3edf829 (webtiles) character file.

Game seed: 9132232089725520313

84 n00bmints the Chopper (level 4, 0/41 HPs)
             Began as a Minotaur Berserker on Feb 15, 2024.
             Was a Follower of Trog.
             Succumbed to Terence's poison
             ... on level 2 of the Dungeon.
             The game lasted 00:03:33 (567 turns).

n00bmints the Chopper (Minotaur Berserker)           Turns: 567, Time: 00:03:34

Health: 0/41       AC:  5    Str: 18    XL:     4   Next: 24%
Magic:  3/3        EV: 11    Int:  4    God:    Trog [*.....]
Gold:   74         SH:  0    Dex: 15    Spells: 3/3 levels left

rFire   . . .        j - +6 mace "Sogof" {freeze, rN+ Str-5 Dex+5}
rCold   . . .        (no shield)
rNeg    + . .        c - +0 ring mail
rPois   .            (helmet restricted)
rElec   .            (no cloak)
rCorr   .            (no gloves)
SInv    .            (no boots)
Will    .....        (no amulet)
Stlth   +            (no ring)
HPRegen 0.26/turn    (no ring)
MPRegen 0.08/turn

%: no passive effects
@: lethally poisoned (0 -> -2)
A: horns 2, retaliatory headbutt
a: Renounce Religion, Berserk


You were on level 2 of the Dungeon.
You worshipped Trog.
Trog was aware of your devotion.
You visited 1 branch of the dungeon, and saw 2 of its levels.

You collected 74 gold pieces.

Inventory:

Hand Weapons
 a - a +0 hand axe
 j - the +6 mace "Sogof" (weapon) {freeze, rN+ Str-5 Dex+5}
   (You found it on level 2 of the Dungeon)

   Str-5:     It affects your strength (-5).
   Dex+5:     It affects your dexterity (+5).
   rN+:       It protects you from negative energy.
Armour
 b - a +0 animal skin
 c - a +0 ring mail (worn)
Talismans
 g - a flux talisman
Scrolls
 e - 2 scrolls of teleportation {unknown}
 h - a scroll of enchant weapon {unknown}
 i - a scroll of revelation {unknown}
 k - a scroll of fog {unknown}
Potions
 d - a potion of might {unknown}
 f - a potion of berserk rage {unknown}


   Skills:
 + Level 4.6 Fighting
 + Level 4.8 Axes
 + Level 0.1(2.9) Maces & Flails
 + Level 2.9 Armour
 + Level 2.7 Dodging


You had 3 spell levels left.
You didn't know any spells.
Your spell library was empty.

Dungeon Overview and Level Annotations

Branches:
Dungeon (2/15)

Altars:


Innate Abilities, Weirdness & Mutations

You have a pair of horns on your head.
You reflexively headbutt those who attack you in melee.


Message History

You are more poisoned.
You hit Terence. You freeze Terence.
Terence is moderately wounded.
You feel very sick. Terence closely misses you. You furiously retaliate!
You headbutt Terence. You hit Terence. You freeze Terence.
Terence is severely wounded.
You feel very sick. Terence hits you but does no damage.
You are lethally poisoned!
You hit Terence. You freeze Terence.
Terence is severely wounded.
* * * LOW HITPOINT WARNING * * *
You feel very sick. Terence completely misses you.
You barely miss Terence.
Terence is severely wounded.
* * * LOW HITPOINT WARNING * * *
You feel very sick. Terence barely misses you. You furiously retaliate!
You headbutt Terence!
You kill Terence!
Trog accepts your kill.
You have reached level 4!
You feel agile.
* * * LOW HITPOINT WARNING * * *
You feel sick.
Things that are here:
a +1 short sword of venom; a +0 scale mail; the human corpse of Terence
* * * LOW HITPOINT WARNING * * *
You feel sick.
* * * LOW HITPOINT WARNING * * *
You feel sick.
* * * LOW HITPOINT WARNING * * *
You feel sick.
* * * LOW HITPOINT WARNING * * *
You feel sick.
You see here 5 gold pieces.
* * * LOW HITPOINT WARNING * * *
You feel sick.
You die...

# # ### ########@#
.......$.#
##########.#
#...#....#.# ##
####.....##.#)#####.#.
..
......................
##
#####....#..#.#####.##
#....#..#.#
#....#..#.#


There were no monsters in sight!

Vanquished Creatures
  Terence (D:2)
  An adder (D:2)
  2 dart slugs
  2 endoplasms (D:1)
  A giant cockroach (D:1)
  5 goblins
  3 hobgoblins
  2 quokkas (D:1)
  2 ball pythons (D:1)
  3 bats
  A frilled lizard (D:1)
  2 kobolds
  A rat (D:2)
26 creatures vanquished.

Notes
Turn   | Place    | Note
-------+----------+-------------------------------------------
     0 | D:1      | n00bmints the Minotaur Berserker began the quest for the
                  | Orb.
     0 | D:1      | Reached XP level 1. HP: 19/19 MP: 0/0
    64 | D:1      | Reached XP level 2. HP: 27/27 MP: 1/1
   146 | D:1      | Reached XP level 3. HP: 29/33 MP: 2/2
   497 | D:2      | Identified the +6 mace "Sogof" {freeze, rN+ Str-5 Dex+5}
   550 | D:2      | Noticed Terence
   560 | D:2      | Killed Terence
   561 | D:2      | Reached XP level 4. HP: 8/41 MP: 3/3
   564 | D:2      | HP: 2/41 [poisoned by Terence]
   567 | D:2      | Succumbed to Terence's poison

Illustrated notes

Levels and vault maps discovered:
D:1:      roderic_crossed_star, layout_rooms
D:2:      minmay_roachtagon, layout_basic, basic_altar, st_stairs_10,
          minmay_unequal, uniq_terence

Skill      XL: |  1  2 |
---------------+-------+-----
Fighting       | 4 |  4.6
Axes           | 4 |  4.8
Maces & Flails | |  0.1
Armour         | |  2.9
Dodging        | |  2.7

Action                     |  1- 3 |  4- 6 || total
---------------------------+-------+-------++-------
  Melee: Hand axe          |    32 |       ||    32
         Headbutt          |     8 |       ||     8
         Mace              |    11 |       ||    11
 Armour: Ring mail         |    23 |       ||    23
  Dodge: Dodged            |    31 |       ||    31

Table legend: (Time is in decaauts)
 A = Elapsed time spent in this place.
 B = Non-inter-level travel time spent in this place.
 C = Inter-level travel time spent in this place.
 D = Time resting spent in this place.
 E = Time spent auto-exploring this place.
 F = Levels seen in this place.
 G = Mean time per level.
                   A        B        C        D        E       F      G
               +--------+--------+--------+--------+--------+-----+--------+
         Total |    572 |    544 |     28 |      0 |      0 |   2 |  286.0 |
       Dungeon |    572 |    544 |     28 |      0 |      0 |   2 |  286.0 |
               +--------+--------+--------+--------+--------+-----+--------+

Top non-repeatable levels by time:
     D:1: 439 daAuts
     D:2: 132 daAuts
